AoeStats
← BodokoS

Arena

507112122Analyzed
3v3 RM · 15d ago on Sep 16, 2026· 47m 19s· 6 players
Game mode
Random Map
Map size
Normal (6 player)
Population
200
Speed
Normal
Resources
Standard
Victory
Conquest
Starting age
Dark Age
Ending age
Imperial Age
RankedLock teamsTeams togetherTeam positionsShared explorationLock speedFull tech treeHidden civsTurbo modeCheats
Victory
Defeat
🇦🇷 Burgundians · Argentina
1433
+9
🇦🇷 Turks · Argentina
1200
+18
🇦🇷 Bohemians · Argentina
1149
+21
🇭🇺 Ethiopians · Hungary
1287
-17
🇭🇺 Berbers · Hungary
1251
-16
🇭🇺 Persians · Hungary
1233
-15
Mityus
10:28 Feudal Age
14:23 Castle Age
13:23 Double-Bit Axe
13:27 Horse Collar
15:18 Bow Saw
21:09 Loom
21:11 Town Watch
22:04 Wheelbarrow
26:51 Fletching
29:13 Scale Barding Armor
29:20 Forging
30:02 Husbandry
30:55 Hand Cart
31:35 Bloodlines
32:20 Bodkin Arrow
32:27 Padded Archer Armor
34:02 Leather Archer Armor
35:33 Thumb Ring
37:05 Ballistics
44:30 Imperial Age
44:04 Heavy Plow
45:42 Bracer
46:07 Conscription
BodokoS
10:34 Feudal Age
14:26 Castle Age
12:16 Double-Bit Axe
15:51 Bow Saw
18:26 Town Watch
18:32 Horse Collar
24:34 Fervor
24:27 Loom
27:16 Stone Mining
27:17 Gold Mining
27:32 Heavy Plow
28:00 Husbandry
28:24 Scale Barding Armor
28:53 Bloodlines
29:43 Wheelbarrow
31:10 Chain Barding Armor
32:40 Hand Cart
35:28 Forging
38:41 Fletching
48:34 Imperial Age
46:28 Bodkin Arrow
szotyesz
9:56 Feudal Age
10:53 Double-Bit Axe
13:39 Castle Age
11:39 Horse Collar
14:14 Loom
16:09 Bow Saw
18:08 Loom
19:00 Wheelbarrow
18:39 Town Watch
20:17 Gold Mining
25:48 Imperial Age
24:07 Scale Mail Armor
24:18 Forging
25:23 Chain Mail Armor
27:01 Conscription
28:24 Squires
28:10 Arson
30:05 Elite Shotel Warrior
31:39 Heavy Plow
32:14 Plate Mail Armor
32:19 Iron Casting
32:35 Halberdier
43:26 Chemistry
TVHG.IL Capitano
12:09 Feudal Age
16:24 Castle Age
21:15 Imperial Age
18:59 Double-Bit Axe
19:22 Horse Collar
19:52 Gold Mining
29:57 Loom
35:02 Heavy Plow
37:05 Bloodlines
40:13 Scale Barding Armor
40:22 Forging
41:00 Bow Saw
41:34 Gold Shaft Mining
42:04 Husbandry
42:47 Iron Casting
43:58 Fletching
44:09 Padded Archer Armor
45:19 Chain Barding Armor
TVHG. Polac0 crhistF*-
10:07 Feudal Age
11:09 Double-Bit Axe
15:58 Castle Age
17:13 Wheelbarrow
17:46 Horse Collar
18:39 Padded Archer Armor
19:21 Pikeman
20:55 Scale Mail Armor
22:47 Fletching
26:57 Squires
27:52 Bow Saw
30:29 Chain Mail Armor
33:49 Forging
34:21 Heavy Plow
40:22 Imperial Age
41:42 Plate Mail Armor
41:48 Iron Casting
41:05 Halberdier
42:38 Elite Hussite Wagon
AssassingBlue
10:47 Feudal Age
12:39 Loom
15:31 Castle Age
13:29 Double-Bit Axe
13:26 Horse Collar
13:51 Gold Mining
14:30 Bow Saw
15:00 Heavy Plow
16:59 Scale Barding Armor
22:44 Wheelbarrow
22:09 Cavalier
23:27 Forging
26:22 Husbandry
27:49 Crop Rotation
28:16 Iron Casting
30:07 Gold Shaft Mining
29:26 Stone Mining
30:36 Hand Cart
33:08 Imperial Age
30:26 Town Watch
31:41 Chain Barding Armor
32:28 Fletching
32:30 Treadmill Crane
33:12 Paladin
34:34 Plate Barding Armor
34:01 Town Patrol
36:24 Burgundian Vineyards
36:42 Light Cavalry
38:29 Blast Furnace
38:04 Hussar
39:37 Stone Shaft Mining
39:32 Bodkin Arrow
42:02 Two-Man Saw
41:40 Conscription
43:55 Bracer
Connection lost

Rejoining the realm…

Still unreachable

The connection could not be restored.

Session expired

The server has moved on; the page needs a fresh start.